Map: Curious Minds LE

Players

MaxPax

  • Race: Protoss Protoss
  • League: Grandmaster

AGOElazer (Elazer) - Winner!

  • Race: Zerg Zerg
  • League: Master

VOD

Have the link to the VOD?

Description

Time

  • Played on: Oct. 22, 2021, 9:35 a.m.
  • Length: 18:19
Show
View Real Time Build Order
Export as new Build Order

MaxPax Protoss 

Build Orders: 1 Gate Expand, Mass Adepts 

Get SALT Encoding   

  12  0:00  Probe  
  13  0:12  Probe  
  14  0:20  Pylon  
  14  0:24  Probe  
  15  0:38  Probe (Chrono Boost)  
  16  0:42  Gateway  
  16  0:47  Probe (Chrono Boost)  
  16  0:49  Assimilator  
  17  0:52  Probe (Chrono Boost)  
  18  1:04  Probe  
  19  1:16  Probe  
  20  1:29  Cybernetics Core  
  20  1:37  Nexus  
  20  1:39  Probe  
  21  1:46  Pylon  
  21  1:51  Probe  
  21  1:53  Assimilator  
  22  2:03  Adept (Chrono Boost), Probe  
  22  2:04  Warp Gate (Chrono Boost)  
  25  2:15  Probe  
  26  2:23  Adept (Chrono Boost)  
  26  2:27  Probe  
  29  2:34  Gateway  
  29  2:39  Probe  
  30  2:49  Stalker  
  32  2:53  Probe  
  32  2:54  Probe, Gateway  
  34  3:05  Probe  
  34  3:08  Probe  
  36  3:13  Pylon  
  36  3:16  Twilight Council  
  36  3:18  Probe  
  37  3:24  Probe  
  38  3:30  Probe  
  38  3:31  Robotics Facility  
  39  3:36  Probe  
  40  3:42  Probe  
  40  3:46  Adept x2  
  40  3:47  Resonating Glaives (Chrono Boost)  
  45  3:48  Probe  
  45  3:49  Shield Battery  
  45  3:50  Adept  
  45  3:54  Probe  
  49  3:58  Pylon  
  49  4:02  Probe  
  50  4:06  Probe  
  50  4:07  Assimilator  
  51  4:14  Probe  
  52  4:17  Warp Prism (Chrono Boost)  
  52  4:23  Adept x2  
  52  4:24  Probe  
  59  4:32  Robotics Bay  
  59  4:34  Adept  
  59  4:35  Probe  
  59  4:37  Pylon  
  62  4:45  Pylon  
  62  4:49  Assimilator  
  62  4:55  Observer, Probe  
  62  4:58  Adept x3  
  70  5:03  Probe  
  72  5:16  Disruptor (Chrono Boost)  
  72  5:20  Gravitic Drive  
  74  5:22  Probe  
  74  5:25  Pylon  
  75  5:32  Nexus  
  75  5:33  Pylon  
  75  5:42  Forge, Disruptor (Chrono Boost)  
  78  5:43  Probe x2  
  78  5:44  Pylon  
  80  5:55  Probe  
  81  5:59  Shield Battery  
  81  6:01  Sentry x2  
  81  6:02  Shield Battery  
  81  6:03  Pylon  
  85  6:08  Disruptor (Chrono Boost)  
  85  6:11  Probe  
  89  6:13  Stalker  
  85  6:25  Adept  
  85  6:26  Adept  
  83  6:39  Adept  
  69  6:44  Colossus (Chrono Boost)  
  70  6:50  Probe x2  
  70  6:52  Stalker x2  
  75  7:02  Probe x2  
  75  7:04  Gateway, Protoss Ground Weapons Level 1  
  75  7:05  Gateway  
  75  7:08  Gateway  
  77  7:21  Probe x2  
  77  7:22  Nexus  
  79  7:23  Stalker x3  
  79  7:24  Pylon  
  75  7:45  Colossus (Chrono Boost)  
  75  7:47  Zealot x3  
  87  7:51  Nexus  
  87  7:54  Blink, Shield Battery  
  87  8:04  Sentry  
  85  8:09  Probe  
  86  8:18  Sentry, Stalker x3  
  86  8:19  Nexus  
  94  8:23  Stalker  
  94  8:24  Probe x2  
  98  8:29  Shield Battery  
  98  8:35  Stalker  
  98  8:36  Probe  
  98  8:40  Pylon  
  101  8:48  Pylon  
  101  8:51  Pylon  
  101  8:59  Stalker x4  
  109  9:08  Stalker x2  
  111  9:14  Colossus, Probe x2  
  113  9:25  Adept  
  113  9:26  Stalker x3  
  113  9:27  Probe x2  
  113  9:28  Stalker  
  125  9:33  Stalker  
  125  9:34  Probe  
  128  9:51  Stalker x4  
  128  9:52  Stalker  
  138  9:57  Probe  
  139  10:03  Stalker  
  131  10:16  Stalker x4  
  115  10:26  Probe  
  91  10:29  Stalker x2  
  91  10:31  Probe  
  91  10:34  Probe  
  95  10:38  Probe  
  96  10:43  Probe  
  96  10:46  Probe  
  92  10:50  Observer  
  92  10:51  Probe  
  92  10:55  Sentry  
  92  10:56  Probe  
  94  10:58  Probe  
  94  11:01  Observer, Stalker x3  
  94  11:03  Probe  
  102  11:08  Probe  
  102  11:10  Probe  
  100  11:12  Shield Battery  
  100  11:15  Probe  
  101  11:20  Probe  
  101  11:23  Probe  
  103  11:26  Colossus (Chrono Boost)  
  111  11:37  Stalker x2, Assimilator x2  
  111  11:38  Stalker  
  115  11:53  Stalker x3  
  121  11:56  Photon Cannon  
  121  11:59  Shield Battery  
  121  12:13  Disruptor (Chrono Boost)  
  121  12:15  Protoss Ground Weapons Level 2 (Chrono Boost)  
  121  12:17  Sentry  
  121  12:18  Sentry  
  128  12:42  Observer  
  128  12:43  Stalker x6  
  141  12:51  Gateway  
  141  12:53  Gateway  
  137  13:03  Disruptor (Chrono Boost)  
  124  13:08  Stalker x3  
  124  13:09  Stalker x3  
  139  13:19  Charge (Chrono Boost)  
  139  13:28  Shield Battery  
  139  13:30  Pylon  
  139  13:43  Pylon  
  139  13:45  Pylon  
  139  13:46  Disruptor (Chrono Boost)  
  142  13:51  Nexus  
  142  13:52  Pylon  
  142  14:01  Stalker x5  
  152  14:20  Disruptor (Chrono Boost)  
  152  14:25  Stalker x4  
  152  14:27  Stalker x3  
  148  14:44  Protoss Shields Level 1  
  148  14:49  Disruptor  
  148  14:50  Zealot x7  
  148  14:51  Zealot  
  160  15:19  Pylon  
  160  15:20  Templar Archives  
  160  15:26  Nexus  
  160  15:27  Disruptor (Chrono Boost)  
  159  15:50  Stalker x4  
  163  16:20  Zealot x7  
  141  16:52  High Templar x4  
  141  16:53  High Templar x4  
  147  16:57  Archon x3  
  147  16:58  Archon  
  138  17:25  High Templar x6  
  138  17:26  Zealot x2  
  154  17:30  Archon x2  
  154  17:31  Nexus  
  154  17:33  Archon, Pylon x2  
  150  17:41  Pylon  
  150  17:54  Zealot x2  
  150  17:57  Zealot x3  
Show
View Real Time Build Order
Export as new Build Order

AGOElazer Zerg - Winner!

Build Orders: Hatch First 

Get SALT Encoding   

  12  0:00  Drone  
  13  0:12  Overlord  
  13  0:16  Drone  
  14  0:30  Drone x2  
  16  0:49  Hatchery  
  15  0:50  Drone  
  15  0:54  Drone  
  17  0:57  Drone  
  18  1:08  Extractor  
  17  1:12  Spawning Pool  
  17  1:16  Drone  
  17  1:19  Drone  
  18  1:29  Drone  
  19  1:39  Drone  
  20  1:49  Overlord  
  20  1:59  Queen  
  20  2:01  Queen  
  22  2:02  Drone, Zergling x2  
  26  2:11  Zergling x2  
  26  2:12  Drone  
  26  2:13  Metabolic Boost  
  28  2:21  Drone  
  28  2:22  Drone  
  30  2:31  Zergling x2  
  30  2:33  Drone  
  30  2:37  Queen  
  34  2:45  Hatchery  
  32  2:51  Overlord  
  32  2:52  Zergling x2  
  32  2:55  Zergling x2  
  34  3:05  Drone  
  35  3:09  Overlord  
  35  3:11  Drone  
  35  3:12  Drone x4  
  40  3:22  Drone x4  
  44  3:30  Queen  
  46  3:34  Overlord  
  46  3:38  Drone  
  46  3:40  Queen  
  49  3:45  Drone  
  49  3:46  Overlord  
  49  3:47  Drone  
  51  3:49  Drone  
  51  3:53  Drone x2  
  51  3:55  Drone  
  55  4:00  Roach Warren  
  55  4:02  Drone  
  55  4:06  Zergling x6  
  58  4:12  Overlord  
  58  4:13  Zergling x2  
  59  4:17  Spore Crawler  
  59  4:18  Zergling x8  
  59  4:23  Zergling x4  
  59  4:24  Zergling x2  
  63  4:28  Zergling x2  
  63  4:29  Zergling x2  
  64  4:32  Queen  
  64  4:33  Zergling x2  
  64  4:34  Zergling x2  
  68  4:43  Roach x2  
  72  4:48  Roach x4  
  72  4:50  Overlord  
  80  4:58  Overlord  
  80  5:01  Zergling x2  
  81  5:08  Zergling x2  
  82  5:19  Roach x5  
  92  5:25  Overlord  
  92  5:28  Roach  
  94  5:33  Zergling x8  
  98  5:41  Overlord  
  98  5:49  Zergling x14  
  105  6:00  Ravager  
  105  6:03  Overlord, Extractor  
  105  6:04  Zergling x6  
  105  6:05  Zergling x12  
  114  6:11  Overlord  
  113  6:20  Queen  
  113  6:21  Queen x2  
  98  6:32  Zergling x2  
  98  6:33  Zergling x22  
  100  6:41  Drone x2  
  102  6:50  Drone x2  
  102  6:53  Hatchery  
  98  6:56  Drone x2  
  98  7:00  Drone, Lair  
  100  7:05  Drone x2  
  102  7:19  Drone x3  
  105  7:27  Extractor  
  103  7:30  Drone x3  
  103  7:35  Drone x9  
  111  7:39  Drone x2  
  111  7:41  Drone  
  108  7:48  Drone x2  
  103  7:55  Drone, Extractor  
  103  7:56  Extractor  
  103  7:57  Extractor  
  101  8:00  Drone x2  
  98  8:07  Drone x2  
  97  8:14  Drone x3  
  97  8:16  Queen x4  
  97  8:18  Roach x4  
  107  8:20  Roach  
  107  8:22  Overlord  
  107  8:28  Infestation Pit  
  107  8:29  Roach, Ravager x4  
  107  8:30  Roach x4  
  107  8:31  Overlord x2  
  107  8:32  Overlord  
  120  8:35  Glial Reconstitution  
  114  8:43  Roach x4  
  114  8:47  Ravager  
  114  8:48  Zergling x8  
  127  8:54  Roach x6  
  139  9:04  Roach x6  
  146  9:12  Roach  
  146  9:13  Roach x2  
  151  9:23  Roach x2  
  151  9:28  Hive, Overlord x2  
  151  9:31  Baneling Nest  
  148  9:42  Roach  
  150  9:51  Roach x11  
  167  10:00  Ravager  
  156  10:15  Roach x5  
  126  10:22  Roach x8  
  113  10:29  Roach x5  
  113  10:33  Drone x2  
  115  10:37  Drone  
  115  10:40  Drone x3  
  119  10:49  Drone x4  
  115  11:01  Drone x4  
  115  11:03  Queen  
  109  11:13  Drone x4, Ravager  
  114  11:19  Queen x2  
  114  11:24  Viper  
  121  11:27  Viper  
  121  11:28  Viper  
  125  11:33  Viper  
  125  11:39  Queen  
  122  11:41  Roach x3  
  122  11:43  Ravager  
  122  11:47  Roach x2  
  133  11:51  Roach x3  
  130  11:58  Roach x3  
  136  12:02  Roach  
  136  12:04  Ravager  
  139  12:14  Overlord  
  137  12:16  Roach x6  
  137  12:22  Roach  
  151  12:27  Roach x4  
  159  12:34  Roach x3  
  159  12:35  Overseer  
  165  12:41  Roach x3  
  167  12:47  Overlord x3  
  146  13:01  Viper  
  146  13:05  Drone x11  
  151  13:10  Viper  
  154  13:19  Roach x4  
  160  13:26  Roach  
  162  13:38  Roach x6  
  168  13:47  Centrifugal Hooks  
  168  13:49  Evolution Chamber  
  168  13:53  Viper  
  170  13:57  Ravager x2  
  170  13:59  Ravager  
  170  14:01  Roach  
  170  14:02  Hatchery  
  174  14:10  Zergling x2  
  174  14:11  Zergling x16  
  183  14:23  Overlord x2  
  179  14:30  Roach  
  179  14:31  Roach x2  
  168  14:51  Drone x3  
  168  14:52  Drone x7  
  178  14:55  Adrenal Glands, Zerg Missile Weapons Level 1  
  178  15:03  Roach x7  
  150  15:24  Roach x5  
  157  15:34  Zergling x12, Hatchery  
  162  15:42  Zergling x14  
  166  15:50  Ravager x2  
  168  15:57  Zergling x16  
  168  16:13  Roach x2  
  168  16:14  Roach x7  
  183  16:18  Roach x2  
  181  16:31  Roach x5  
  176  16:40  Roach x4  
  161  16:47  Roach x4  
  161  16:54  Viper x2  
  163  16:58  Viper x2  
  175  17:03  Ravager  
  175  17:04  Ravager  
  175  17:08  Zergling x8  
  181  17:10  Queen x2  
  177  17:16  Zergling x6  
  171  17:22  Zergling x2  
  166  17:30  Ravager  
  166  17:31  Roach x4  
  174  17:46  Roach  
  174  17:47  Roach x3  
  168  17:52  Roach x5  
  168  17:53  Roach x2  
  180  18:00  Ravager x9  
Tags
 
Add a new tag
Caveats
  • Supply blocks, unpowered buildings, or Contaminate may cause inaccurate times.
  • Supply counts are checked every 10 seconds.